 Dungeon Sprint DCSS version 0.25.1-2-g60ff931df9 (webtiles) character file.

Game seed: 9393793772721562507

6347 Baz the Bludgeoner (level 10, -1/100 HPs)
             Began as a Ghoul Gladiator on Nov 18, 2020.
             Was the Champion of Makhleb.
             Slain by a vault guard
             ... wielding the +3 short sword of Tanla {flame, rC++ Int-5}
              (7 damage)
             ... in the Dungeon (Sprint V: "Ziggurat Sprint").
             The game lasted 00:05:59 (736 turns).

Baz the Bludgeoner (Ghoul Gladiator)                 Turns: 736, Time: 00:05:59

Health: -1/100     AC: 23    Str: 25    XL:     10   Next: 96%
Magic:  18/18      EV: 17    Int:  4    God:    Makhleb [******]
Gold:   0          SH:  5    Dex: 16    Spells: 9/9 levels left

rFire    + + +     SeeInvis +   G - +7 great mace "Firestarter" {inner flame, rF++}
rCold    . . .     Gourm    .   (shield currently unavailable)
rNeg     + + +     Faith    .   H - +5 fire dragon scales
rPois    ∞         Spirit   .   c - +0 helmet
rElec    .         Reflect  +   L - +0 cloak "Ximoux" {+Fly rN+ MP+9}
rCorr    .         Harm     .   (no gloves)
MR       +....     NoTele   +   K - +2 pair of boots {run}
Stlth    ..........             J - amulet of reflection
HPRegen  0.00/turn              P - ring "Yrodwab" {MR+ Str+4 SInv}
MPRegen  0.16/turn              x - +6 ring of dexterity

@: rotting, quick
A: rotting body, claws 1, carnivore, cold resistance 1, negative energy
resistance 3, inhibited regeneration, torment resistance, unbreathing
a: Minor Destruction, Lesser Servant of Makhleb, Major Destruction, Greater
Servant of Makhleb, Renounce Religion, Evoke Flight


You were in the Dungeon.
You worshipped Makhleb.
Makhleb was exalted by your worship.
You were not hungry.

You visited 1 branch

Inventory:

Hand Weapons
 a - a +0 flail
 G - the +7 great mace "Firestarter" (weapon) {inner flame, rF++}
   (You found it in the Dungeon)

   It has been specially enchanted to burn those struck by it, causing extra
   injury to most foes and up to half again as much damage against particularly
   susceptible opponents.
   It greatly protects you from fire.
 R - the +3 Elemental Staff {rElec rF++ rC++ MR++ AC+5}
   (You found it in the Dungeon)

   It affects your AC (+5).
   It greatly protects you from fire.
   It greatly protects you from cold.
   It insulates you from electricity.
   It affects your resistance to hostile enchantments.
Missiles
 d - 3 throwing nets (quivered)
Armour
 b - a +0 leather armour
 c - a +0 helmet (worn)
 H - +5 fire dragon scales (worn)
 I - +5 gold dragon scales
 K - a +2 pair of boots of running (worn)
 L - the +0 cloak "Ximoux" (worn) {+Fly rN+ MP+9}
   (You found it in the Dungeon)

   It protects you from negative energy.
   It affects your magic capacity (+9).
   It lets you fly.
Jewellery
 w - an uncursed ring of flight
 x - a +6 ring of dexterity (right claw)
 y - a +6 ring of dexterity
 z - a +6 ring of intelligence
 A - a +6 ring of intelligence
 B - a +6 ring of strength
 C - a +6 ring of strength
 J - an amulet of reflection (around neck)
 P - the ring "Yrodwab" (left claw) {MR+ Str+4 SInv}
   (You found it in the Dungeon)

   [ring of see invisible]

   It affects your strength (+4).
   It affects your resistance to hostile enchantments.
   It lets you see invisible.
 S - a +4 ring of slaying
Wands
 D - a wand of disintegration (7)
 E - a wand of iceblast (7)
 F - a wand of acid (7)
Scrolls
 k - 4 scrolls of blinking
 r - 4 scrolls of amnesia
 s - 7 scrolls of fog
 t - 5 scrolls of identify
 u - 5 scrolls of remove curse
 v - 2 scrolls of fear
 Q - 2 scrolls of brand weapon
Potions
 e - 11 potions of curing
 g - 8 potions of heal wounds
 h - 6 potions of haste
 i - 7 potions of magic
 j - 3 potions of berserk rage
 l - 2 potions of brilliance
 m - 2 potions of invisibility
 n - 4 potions of resistance
 p - 5 potions of stabbing
 q - 5 potions of might
Miscellaneous
 o - a phantom mirror
 N - a box of beasts
 O - a phial of floods
Comestibles
 f - 7 rations
 M - 18 chunks of flesh


   Skills:
 + Level 12.6 Fighting
 + Level 16.7 Maces & Flails
 - Level 1.7 Throwing
 + Level 10.6 Armour
 + Level 11.0 Dodging


You had 9 spell levels left.
You didn't know any spells.
Your spell library was empty.

Dungeon Overview and Level Annotations

Branches:
Dungeon (1/1)

Altars:
Ashenzari
Cheibriados
Dithmenos
Elyvilon
Fedhas
Gozag
Hepliaklqana
Kikubaaqudgha
Makhleb
Nemelex Xobeh
Okawaru
Qazlal
Ru
Sif Muna
Trog
Uskayaw
Vehumet
Wu Jian
Xom
Yredelemnul
Zin
The Shining One
Beogh
Jiyva
Lugonu

Annotations:
D 1 transporter


Innate Abilities, Weirdness & Mutations

Your body is rotting away.
You thrive on raw meat.
You are immune to poison.
You have sharp fingernails.
You are carnivorous and can eat meat at any time.
Your flesh is cold resistant. (rC+)
You are immune to negative energy. (rN+++)
You do not regenerate when monsters are visible.
You are immune to unholy pain and torment.
You can survive without breathing.


Message History

The vault guard hits you with a +1 great mace of holy wrath.
You convulse.
The vault guard is engulfed in blazing flames.
The vault guard closely misses you.
The stone giant is engulfed in blazing flames.
The stone giant hits you!!
* * * LOW HITPOINT WARNING * * *
The vault guard hits you from afar with a +3 halberd of flaming.
* * * LOW HITPOINT WARNING * * *
Unknown command.
You hit the stone giant but do no damage.
The stone giant is almost dead.
The vault guard completely misses you.
The vault guard is engulfed in blazing flames.
The vault guard hits you but does no damage.
The vault guard hits you with a +0 war axe.
* * * LOW HITPOINT WARNING * * *
The vault guard is engulfed in blazing flames.
The vault guard hits you with the +3 short sword of Tanla {flame, rC++ Int-5}!
You die...

▓.▓...÷.▓.▓..÷÷...▓
▓....©....▓...©...▓
▓▓▓▓▓▓▓▓▓▓▓▓▓▓▓▓▓▓▓▓▓
▓...8©8...▓...8©8...▓
▓..:.":}..▓....|))..▓
▓..}}:)=..▓....})...▓
▓.........▓.........▓
▓...ppp...▓....)....▓
▓...C@p...▓...)))...▓
▓...ppp...▓...).....▓
▓....p§...▓.........▓
▓.▓.....▓.▓....©....▓
▓....©....▓▓▓▓▓▓▓▓▓▓▓
▓▓▓▓▓▓▓▓▓▓▓


You could see a stone giant and 8 vault guards.

Vanquished Creatures
  Erolcha (D)
  A vault guard (D)
  A black mamba (D)
  2 rime drakes (D)
  A hornet (D)
  Sigmund (D)
  3 spriggans (D)
  3 air elementals (D)
  Eustachio (D)
  A steam dragon (D)
  A wyvern (D)
  Edmund (D)
  An acid dragon (D)
  A naga (D)
  2 water moccasins (D)
  Duvessa (D)
  A hell hound (D)
  2 swamp drakes (D)
  A black bear (D)
  2 orc warriors (D)
  2 eyes of draining (D)
  2 necrophages (D)
  2 wolves (D)
  Blork the orc (D)
  3 orc wizards (D)
  Crazy Yiuf (D)
  3 orc priests (D)
  An adder (D)
  3 adder skeletons (D)
  5 orcs (D)
  A bat zombie (D)
  A ball python (D)
  A ball python skeleton (D)
  A quokka zombie (D)
55 creatures vanquished.

Vanquished Creatures (others)
  A spatial maelstrom (D)
  A steam dragon (D)
2 creatures vanquished.

Grand Total: 57 creatures vanquished

Notes
Turn   | Place    | Note
-------+----------+-------------------------------------------
     0 | D        | Baz the Ghoul Gladiator began the quest for the Orb.
     0 | D        | Reached XP level 1. HP: 17/17 MP: 0/0
     0 | D        | Found a shimmering blue altar of Sif Muna.
     0 | D        | Found a sacrificial altar of Ru.
     0 | D        | Found a bloodstained altar of Trog.
     0 | D        | Found a stormy altar of Qazlal.
     0 | D        | Found an iron altar of Okawaru.
     0 | D        | Found a sparkling altar of Nemelex Xobeh.
     0 | D        | Found a blossoming altar of Fedhas.
     1 | D        | Found the +6 Majin-Bo {vamp, Archmagi MP+6 Int+6}
     1 | D        | Found the +7 great mace "Firestarter" {inner flame, rF++}
     2 | D        | Found a transporter.
     2 | D        | Found an ancient bone altar of Kikubaaqudgha.
     2 | D        | Found a viscous altar of Jiyva.
     2 | D        | Found a corrupted altar of Lugonu.
     2 | D        | Found a hazy altar of Hepliaklqana.
     2 | D        | Found a burning altar of Makhleb.
     2 | D        | Found an opulent altar of Gozag.
     7 | D        | Banished a spatial maelstrom
    23 | D        | Found the +6 shillelagh "Devastator" {shatter}
    23 | D        | Found the +11 plutonium sword {*Contam Stlth-}
    23 | D        | Found the +8 lance "Wyrmbane" {slay drac, rPois rF+ rC+
                  | AC+3}
    23 | D        | Found the +9 sword of Zonguldrok {reap}
    23 | D        | Found the cursed +13 scythe of Curses {drain, *Curse}
    23 | D        | Found the +0 sword of Power
    23 | D        | Found the +7 mace of Variability {chain chaos}
    23 | D        | Found the +7 Singing Sword {vorpal, sonic wave}
    23 | D        | Found the +8 storm bow {elec, penet}
    64 | D        | Became a worshipper of Makhleb the Destroyer
    68 | D        | Found the +9 heavy crossbow "Sniper" {vorpal, Acc+∞ SInv}
    68 | D        | Found the +10 dark maul {vorpal}
    68 | D        | Found the +15 Maxwell's patent armour {-Cast -Tele rElec
                  | MR+ rCorr}
    68 | D        | Found the +18 shield of the Gong {rElec rN+ MR+ EV-5}
    68 | D        | Found the cursed +14 obsidian axe {vorpal, +Fly SInv
                  | *Curse}
    71 | D        | Reached skill level 7 in Maces & Flails
    71 | D        | Reached XP level 2. HP: 24/24 MP: 1/1
    77 | D        | Entered arena 2.
    77 | D        | Noticed an eye of draining
    77 | D        | Noticed an eye of draining
    77 | D        | Found a transporter.
    81 | D        | Killed an eye of draining
    81 | D        | Reached skill level 8 in Maces & Flails
    81 | D        | Reached XP level 3. HP: 22/33 MP: 0/2
    81 | D        | Reached XP level 4. HP: 27/40 MP: 0/3
    82 | D        | Killed an eye of draining
    82 | D        | Reached skill level 9 in Maces & Flails
    82 | D        | Reached XP level 5. HP: 31/47 MP: 0/4
   190 | D        | Entered arena 3.
   190 | D        | Noticed an air elemental
   190 | D        | Noticed an air elemental
   190 | D        | Noticed an air elemental
   190 | D        | Found a transporter.
   193 | D        | Killed an air elemental
   193 | D        | Killed an air elemental
   193 | D        | Reached * piety under Makhleb
   193 | D        | Reached skill level 10 in Maces & Flails
   193 | D        | Reached skill level 5 in Dodging
   193 | D        | Reached XP level 6. HP: 37/57 MP: 5/5
   193 | D        | Killed an air elemental
   193 | D        | Reached skill level 5 in Armour
   193 | D        | Reached XP level 7. HP: 54/64 MP: 6/6
   232 | D        | Identified a +2 pair of boots of running (You found it in
                  | the Dungeon)
   238 | D        | Entered arena 4.
   238 | D        | Found a transporter.
   243 | D        | Reached ** piety under Makhleb
   243 | D        | Reached skill level 11 in Maces & Flails
   291 | D        | Entered arena 5.
   291 | D        | Found a transporter.
   297 | D        | Reached *** piety under Makhleb
   325 | D        | Entered arena 6.
   325 | D        | Found a transporter.
   326 | D        | Found the +3 robe of Folly {Archmagi, MR-- Int+5}
   329 | D        | Reached **** piety under Makhleb
   329 | D        | Reached skill level 12 in Maces & Flails
   329 | D        | Reached XP level 8. HP: 74/74 MP: 7/7
   348 | D        | Entered arena 7.
   348 | D        | Noticed a black mamba
   349 | D        | Found a transporter.
   354 | D        | Killed a black mamba
   354 | D        | Reached ***** piety under Makhleb
   354 | D        | Reached skill level 13 in Maces & Flails
   377 | D        | Got the ring "Yrodwab" {MR+ Str+4 SInv}
   411 | D        | Entered arena 8.
   411 | D        | Noticed a spriggan rider
   411 | D        | Noticed a spriggan
   411 | D        | Noticed a spriggan
   412 | D        | Found a transporter.
   417 | D        | Reached skill level 14 in Maces & Flails
   417 | D        | Reached XP level 9. HP: 38/83 MP: 8/8
   431 | D        | Killed a spriggan rider
   431 | D        | Killed a hornet
   431 | D        | Reached skill level 10 in Fighting
   431 | D        | Reached skill level 15 in Maces & Flails
   432 | D        | Reached ****** piety under Makhleb
   448 | D        | Got the amulet of Magalyt {RegenMP rPois Int+4 Dex-5}
   544 | D        | Entered arena 9.
   544 | D        | Noticed Sigmund
   544 | D        | Noticed Blork the orc
   544 | D        | Noticed Crazy Yiuf
   544 | D        | Noticed Duvessa
   544 | D        | Noticed Edmund
   544 | D        | Noticed Erolcha
   544 | D        | Noticed Eustachio
   545 | D        | Found a transporter.
   548 | D        | Killed Edmund
   550 | D        | Killed Eustachio
   552 | D        | Killed Blork the orc
   552 | D        | Killed Sigmund
   552 | D        | Reached XP level 10. HP: 61/94 MP: 9/9
   552 | D        | Killed Crazy Yiuf
   555 | D        | Killed Erolcha
   555 | D        | Reached skill level 16 in Maces & Flails
   555 | D        | Reached skill level 10 in Dodging
   558 | D        | Killed Duvessa
   568 | D        | Got the +0 cloak "Ximoux" {+Fly rN+ MP+9}
   649 | D        | Entered arena 10.
   650 | D        | Found the +3 Elemental Staff {rElec rF++ rC++ MR++ AC+5}
   650 | D        | Found a transporter.
   653 | D        | Reached skill level 10 in Armour
   681 | D        | Got the ring "Buid" {Int+3 Dex+3 Stlth-}
   689 | D        | Entered arena 11.
   690 | D        | Found a transporter.
   723 | D        | Entered arena 12.
   723 | D        | Noticed a vault guard
   723 | D        | Noticed a vault guard
   723 | D        | Noticed a vault guard
   723 | D        | Noticed a vault guard
   723 | D        | Noticed a vault guard
   723 | D        | Noticed a vault guard
   723 | D        | Noticed a vault guard
   723 | D        | Noticed a vault guard
   723 | D        | Noticed a stone giant
   724 | D        | Identified the +3 short sword of Tanla {flame, rC++ Int-5}
   724 | D        | Noticed a vault guard
   725 | D        | Found a transporter.
   733 | D        | Killed a vault guard
   736 | D        | Slain by a vault guard

Illustrated notes

Levels and vault maps discovered:
D:        sprint_v [room_start, room_1, room_2, room_3, room_4, room_5, room_6,
          room_7, room_8, room_9, room_10, room_11, room_12, room_13, room_14,
          room_15, room_16, room_17, room_18, room_19, room_20, room_21,
          room_22, room_23, room_24, room_25, room_26, room_27]

Skill      XL: |  1  2  3  4  5  6  7  8  9 10 |
---------------+-------------------------------+-----
Maces & Flails | 7 8 9 10 12 14 15 16 | 16.7
Fighting       | 3 4 6 7 9 10 12 | 12.6
Armour         | 2 3 4 5 6 7 9 10 | 10.6
Dodging        | 3 4 5 6 8 9 11 | 11.0
Throwing       | |  1.7

Action                   |  1- 3 |  4- 6 |  7- 9 | 10-12 || total
-------------------------+-------+-------+-------+-------++-------
Melee: Great mace        |     2 |     3 |    53 |    37 ||    95
  Use: Potion            |     1 |       |     2 |       ||     3
  Eat: Chunk             |       |       |     1 |     1 ||     2
Armor: Fire dragon scale |       |     2 |    60 |    32 ||    94
Dodge: Dodged            |       |     1 |    85 |    30 ||   116
Block: Other             |       |       |       |     8 ||     8
